cohdb
Replays
Latest Replays
All Replays
Popular Replays
Top Player Replays
Match Explorer
How It Works
Community
CoH3 Stats
Reddit
Sign in to upload your games and track your stats! →
Sign in with Steam
Match 25214657
Unlisted
Match 25214657
Overview
Messages
Build Orders
End
Selects Luftwaffe Battlegroup
Selects Luftwaffe Pioneer Support
Fallschirmpioneer Squad Paradrop
Construct Infanterie Kompanie
MG 42 Machine Gun Team
Fallschirmpioneer Squad Paradrop
Construct Panzergrenadier Kompanie
Fallschirmpioneer Squad Paradrop
251 Medium Carrier
Selects Stuka Strafing Run
Pak 40 Anti-tank Gun Team
Stuka Strafing Run
Infanterie Officer Quarters
Pak 40 Anti-tank Gun Team
Construct Panzer Kompanie
Stuka Strafing Run
Sturmpanzer IV Brummbär
MG 42 Bunker
Stuka Strafing Run
Panzer Officer Quarters
CallSignStrider
Havoc
ConcernedApe
Kajota
0
0
Comments
sign in to comment!
No comments posted yet!